 Dungeon Crawl Stone Soup version 0.29.1-13-g9f3cf754e1 (webtiles) character file.

Game seed: 3020722652241436566

16535 hbarley the Severer (level 12, -1/107 HPs)
             Began as a Hill Orc Fighter on Feb 2, 2023.
             Was a Believer of Uskayaw.
             Slain by a catoblepas (8 damage)
             ... while petrified by a catoblepas
             ... on level 12 of the Dungeon on Feb 3, 2023.
             The game lasted 00:40:01 (15822 turns).

hbarley the Severer (Hill Orc Fighter)             Turns: 15822, Time: 00:40:01

Health: -1/107     AC: 19    Str: 22    XL:     12   Next: 38%
Magic:  12/12      EV:  2    Int:  8    God:    Uskayaw [**....]
Gold:   503        SH:  0    Dex: 12    Spells: 11/11 levels left

rFire   . . .      SeeInvis +   Q - +2 war axe (flame)
rCold   . . .      Faith    .   c - +0 buckler
rNeg    + + +      Spirit   .   o - +4 ring mail
rPois   ∞          Reflect  .   T - +2 helmet {SInv}
rElec   .          Harm     .   x - +1 cloak
rCorr   .          Rampage  .   S - +0 pair of gloves
Will    .....                   R - +0 pair of boots
Stlth   +++.......              (no amulet)
HPRegen 0.27/turn               G - +4 ring of evasion
MPRegen 0.13/turn               q - ring of poison resistance

@: petrified
A: no striking features
a: Renounce Religion, Stomp, Line Pass


You were on level 12 of the Dungeon.
You worshipped Uskayaw.
Uskayaw was noncommittal.
You visited 2 branches of the dungeon, and saw 14 of its levels.
You also visited: Bailey.

You collected 806 gold pieces.
You spent 303 gold pieces at shops.

Inventory:

Hand Weapons
 a - a +0 war axe
 F - a +0 hand axe of venom
 P - a +0 vorpal hand axe
 Q - a +2 war axe of flaming (weapon)
Missiles
 r - 19 poisoned darts (quivered)
Armour
 b - a +0 scale mail
 c - a +0 buckler (worn)
 o - a +4 ring mail (worn)
 x - a +1 cloak (worn)
 C - a +1 hat of willpower
 R - a +0 pair of boots (worn)
 S - a +0 pair of gloves (worn)
 T - a +2 helmet of see invisible (worn)
Jewellery
 g - a ring of resist corrosion
 q - a ring of poison resistance (right hand)
 B - a ring of see invisible
 G - a +4 ring of evasion (left hand)
Wands
 s - a wand of paralysis (15)
 z - a wand of flame (15)
 D - a wand of roots (5)
 E - a wand of mindburst (10)
 W - a wand of polymorph (5)
Scrolls
 d - 6 scrolls of immolation
 e - 2 scrolls of poison {unknown}
 h - a scroll of identify
 l - 3 scrolls of amnesia
 m - 7 scrolls of noise
 n - 3 scrolls of fear {unknown}
 p - 5 scrolls of teleportation
 u - 2 scrolls of vulnerability {unknown}
 v - a scroll of enchant weapon {unknown}
 y - 2 scrolls of magic mapping {unknown}
 A - 5 scrolls of blinking
 H - 2 scrolls of enchant armour {unknown}
 M - a scroll of summoning {unknown}
 X - a scroll of butterflies {unknown}
Potions
 f - 2 potions of cancellation {unknown}
 i - 2 potions of curing
 j - 4 potions of degeneration
 k - a potion of brilliance {unknown}
 t - 3 potions of mutation
 w - a potion of flight {unknown}
 I - a potion of ambrosia {unknown}
 J - 3 potions of resistance
 K - a potion of heal wounds {unknown}
 L - a potion of magic {unknown}
 N - 4 potions of haste {unknown}
 U - a potion of berserk rage
 V - a potion of attraction {unknown}
Miscellaneous
 O - a phial of floods


   Skills:
 + Level 10.5 Fighting
 + Level 15.1 Axes
 + Level 8.8 Armour
 + Level 5.3 Dodging
 + Level 7.1 Stealth
 + Level 6.9 Shields
 + Level 2.7 Evocations


You had 11 spell levels left.
You didn't know any spells.
Your spell library contained the following spells:

 Spells                   Type           Power      Damage    Failure   Level
 Sting                    Tmut/Pois      0%         1d3       63%         1
 Ensorcelled Hibernation  Hex/Ice        0%         N/A       77%         2
 Passwall                 Tmut/Erth      0%         N/A       77%         2
 Poisonous Vapours        Pois/Air       0%         N/A       77%         2
 Gell's Gravitas          Tloc           0%         N/A       94%         3
 Lesser Beckoning         Tloc           0%         N/A       94%         3
 Swiftness                Air            0%         N/A       94%         3
 Teleport Other           Tloc           0%         N/A       94%         3
 Airstrike                Air            0%         2d(0-16)  100%        4
 Corpse Rot               Necr/Pois/Air  0%         N/A       100%        4
 Hailstorm                Conj/Ice       0%         3d3       100%        4
 Olgreb's Toxic Radiance  Pois           0%         N/A       100%        4
 Summon Lightning Spire   Summ/Air       0%         N/A       100%        4
 Lightning Bolt           Conj/Air       0%         1d11      100%        5
 Metabolic Englaciation   Hex/Ice        0%         N/A       100%        5
 Polar Vortex             Ice            0%         N/A       100%        9


Dungeon Overview and Level Annotations

Branches:
Dungeon (13/15)            Temple (1/1) D:4            Lair (0/5) D:8
    Orc (0/2) D:11         Bailey (visited)
 Vaults: D:13-14

Altars:
Ashenzari
Cheibriados
Dithmenos
Elyvilon
Fedhas
Gozag
Hepliaklqana
Kikubaaqudgha
Makhleb
Nemelex Xobeh
Okawaru
Qazlal
Ru
Sif Muna
Trog
Uskayaw
Vehumet
Wu Jian
Xom
Yredelemnul
Zin
The Shining One

Shops:
D:11 [([

Annotations:
D:8 3 runed translucent doors, PorkyPig's ghost, novice GrEE
D:9 3 runed translucent doors, mathmaestro's ghost, journeyman DsNe


Message History

The catoblepas gores you but does no damage.
The catoblepas gores you!
The catoblepas gores you but does no damage.
You turn to flesh and can move again.
You slash the catoblepas! You burn the catoblepas.
The catoblepas is severely wounded.
You completely miss the catoblepas.
The catoblepas is severely wounded.
The catoblepas breathes a plume of calcifying dust at you.
The blast of calcifying dust hits you but does no damage.
You hit the catoblepas but do no damage.
The catoblepas is severely wounded.
You are engulfed in calcifying dust.
The catoblepas closely misses you.
You hit the catoblepas. You burn the catoblepas.
The catoblepas is severely wounded.
You are engulfed in calcifying dust.
The catoblepas breathes a plume of calcifying dust at you.
The blast of calcifying dust hits you.
You slash the catoblepas! You burn the catoblepas.
The catoblepas is almost dead.
You are engulfed in calcifying dust.
You are slowing down.
The catoblepas gores you!!
* * * LOW HITPOINT WARNING * * *
You can now pass through a line of other dancers.
You hit the catoblepas but do no damage.
The catoblepas is almost dead.
You are engulfed in calcifying dust.
Your limbs have turned to stone.
The catoblepas breathes a plume of calcifying dust at you.
The blast of calcifying dust hits you!
* * * LOW HITPOINT WARNING * * *
You have turned to stone.
The catoblepas gores you!
* * * LOW HITPOINT WARNING * * *
The catoblepas gores you!!
* * * LOW HITPOINT WARNING * * *
The catoblepas gores you!
* * * LOW HITPOINT WARNING * * *
The catoblepas gores you!
You die...

#.# #.# #.# #.# #.#
#.# #. #.# #.# #. #.#
##.## #.# ##.#
##...#####.####..#
##.#.....(.<....#.##
#..Y@..........###.##
#.##.#.####.#.## ##.#
#§ ###.## #..## ##.
#.###...###.#.## ##.#
#Y#............###...
..#.#...#.#####.#.###
###.##.##.# #..##
...#####.##.## # #.##
#........#[# #.#


You could see a catoblepas.

Vanquished Creatures
  A boulder beetle (D:12)
  2 vault guards (Bailey)
  A centaur warrior (D:10)
  A two-headed ogre (D:11)
  Erica (D:11)
  Pikel (D:7)
  An ugly thing (D:12)
  2 cyclopes
  Joseph (D:7)
  An unseen horror zombie (D:9)
  2 unseen horrors (D:10)
  A komodo dragon (D:8)
  2 hornets
  2 trolls
  Prince Ribbit (Bailey)
  2 shadows
  A wraith (D:6)
  15 yaks
  3 wyverns
  A vampire (D:9)
  4 humans (Bailey)
  A basilisk (D:11)
  A steam dragon (D:9)
  8 vampire mosquitoes
  Menkaure (D:6)
  Duvessa (D:7)
  2 acid dragons
  3 orc warriors
  2 sky beasts (D:6)
  An ice beast (D:6)
  2 ogres
  A centaur (D:8)
  A phantom (D:4)
  2 lemures (D:7)
  2 necrophages
  A gnoll sergeant (D:9)
  14 bullfrogs
  A scorpion (D:7)
  Dowan (D:7)
  4 killer bees (D:10)
  7 howler monkeys
  A centaur zombie (D:9)
  7 hounds
  6 orc priests
  A jelly (D:6)
  Ijyb (D:3)
  4 iguanas
  8 orc wizards
  5 gnolls
  9 adders
  A white imp (D:5)
  An ufetubus (D:6)
  A worm (D:2)
  3 dart slugs
  38 orcs
  3 ball pythons (D:1)
  9 endoplasms
  3 giant cockroaches
  10 goblins
  7 hobgoblins
  5 quokkas
  4 bats
  2 frilled lizards
  6 kobolds
  23 rats
260 creatures vanquished.

Vanquished Creatures (others)
  An unseen horror (D:10)
  7 plants
8 creatures vanquished.

Grand Total: 268 creatures vanquished

Notes
Turn   | Place    | Note
-------+----------+-------------------------------------------
     0 | D:1      | hbarley the Hill Orc Fighter began the quest for the Orb.
     0 | D:1      | Reached XP level 1. HP: 19/19 MP: 1/1
    82 | D:1      | Reached XP level 2. HP: 15/25 MP: 2/2
   304 | D:1      | Found a faded altar of an unknown god.
   826 | D:1      | Reached skill level 3 in Axes
  1195 | D:2      | Reached XP level 3. HP: 33/33 MP: 3/3
  1674 | D:2      | Found a basalt altar of Yredelemnul.
  1791 | D:2      | Reached XP level 4. HP: 33/40 MP: 4/4
  1934 | D:3      | Noticed Ijyb
  1936 | D:3      | Paralysed by Ijyb for 5 turns
  1947 | D:3      | Paralysed by Ijyb for 5 turns
  1956 | D:3      | Killed Ijyb
  1957 | D:3      | Reached skill level 4 in Axes
  2392 | D:3      | Reached skill level 5 in Axes
  2392 | D:3      | Reached XP level 5. HP: 46/46 MP: 5/5
  2833 | D:4      | Noticed a phantom
  2843 | D:4      | Killed a phantom
  2844 | D:4      | Reached XP level 6. HP: 53/53 MP: 6/6
  2966 | D:4      | Reached skill level 6 in Axes
  3074 | D:4      | Found a staircase to the Ecumenical Temple.
  3084 | Temple   | Entered the Ecumenical Temple
  3188 | Temple   | Became a worshipper of Uskayaw the Reveller
  3252 | D:4      | Reached * piety under Uskayaw
  3263 | D:4      | Reached ** piety under Uskayaw
  3266 | D:4      | Reached skill level 1 in Dodging
  3502 | D:4      | Reached *** piety under Uskayaw
  3635 | D:4      | Reached skill level 7 in Axes
  3979 | D:5      | Entered Level 5 of the Dungeon
  3979 | D:5      | Noticed a wyvern
  3985 | D:5      | Killed a wyvern
  3986 | D:5      | Reached skill level 5 in Fighting
  3986 | D:5      | Reached XP level 7. HP: 23/61 MP: 7/7
  4280 | D:5      | Reached skill level 5 in Armour
  4281 | D:5      | Reached **** piety under Uskayaw
  4290 | D:5      | Reached ***** piety under Uskayaw
  4295 | D:5      | Reached skill level 8 in Axes
  4769 | D:5      | Reached skill level 1 in Stealth
  4774 | D:5      | Reached XP level 8. HP: 57/70 MP: 8/8
  5111 | D:6      | Found an iron altar of Okawaru.
  5391 | D:6      | Reached skill level 9 in Axes
  5537 | D:6      | Found an ornate altar of the Wu Jian Council.
  5574 | D:6      | Noticed Menkaure
  5585 | D:6      | Killed Menkaure
  6272 | D:6      | Found a sparkling altar of Nemelex Xobeh.
  6272 | D:6      | Found a radiant altar of Vehumet.
  6276 | D:6      | Found a sacrificial altar of Ru.
  6287 | D:6      | Reached skill level 10 in Axes
  6490 | D:7      | Noticed Pikel
  6502 | D:7      | Killed Pikel
  6503 | D:7      | Reached XP level 9. HP: 39/79 MP: 9/9
  6715 | D:7      | Noticed a hornet
  6725 | D:7      | Killed a hornet
  6755 | D:7      | Reached skill level 11 in Axes
  7557 | D:7      | Noticed Duvessa
  7559 | D:7      | Noticed Dowan
  7566 | D:7      | Killed Dowan
  7576 | D:7      | Killed Duvessa
  7963 | D:7      | Noticed Joseph
  8245 | D:7      | Killed Joseph
  8948 | D:8      | Noticed PorkyPig's ghost (novice GrEE)
  8949 | D:8      | Found a runed translucent gate.
  8949 | D:8      | Found a runed translucent gate.
  8949 | D:8      | Found a runed translucent gate.
  9174 | D:8      | Reached XP level 10. HP: 88/88 MP: 10/10
  9191 | D:8      | Found a staircase to the Lair.
  9253 | D:8      | Reached skill level 12 in Axes
 10370 | D:9      | Reached skill level 5 in Shields
 10417 | D:9      | Found a shadowy altar of Dithmenos.
 10418 | D:9      | Found a hazy altar of Hepliaklqana.
 10816 | D:9      | Found a runed translucent gate.
 10816 | D:9      | Found a runed translucent gate.
 10816 | D:9      | Found a runed translucent gate.
 10816 | D:9      | Noticed mathmaestro's ghost (journeyman DsNe)
 10818 | D:9      | Found a basalt altar of Yredelemnul.
 11200 | D:10     | Entered Level 10 of the Dungeon
 11250 | D:10     | Found a flagged portal.
 11269 | Bailey   | Entered a bailey
 11387 | Bailey   | Reached skill level 13 in Axes
 11387 | Bailey   | Reached skill level 5 in Stealth
 11440 | Bailey   | Noticed Prince Ribbit
 11440 | Bailey   | Noticed a vault guard
 11452 | Bailey   | Killed Prince Ribbit
 11454 | Bailey   | Killed a vault guard
 11455 | Bailey   | Reached XP level 11. HP: 77/95 MP: 11/11
 11557 | Bailey   | Noticed a vault guard
 11588 | Bailey   | Killed a vault guard
 11589 | Bailey   | Reached skill level 1 in Evocations
 12178 | D:10     | Noticed a centaur warrior
 12178 | D:10     | Noticed a cyclops
 12217 | D:10     | Reached ****** piety under Uskayaw
 12257 | D:10     | Killed a centaur warrior
 12259 | D:10     | Killed a cyclops
 12260 | D:10     | Reached skill level 14 in Axes
 12321 | D:10     | Got the Octavo of the Ninety-Nine Things
 13288 | D:11     | Noticed a cyclops
 13295 | D:11     | Found Goech's Armour Shoppe.
 13295 | D:11     | Found a staircase to the Orcish Mines.
 13303 | D:11     | Killed a cyclops
 13308 | D:11     | Found Xulo's Weapon Shoppe.
 13572 | D:11     | Bought a +0 pair of boots for 58 gold pieces
 13572 | D:11     | Bought a +0 pair of gloves for 58 gold pieces
 13599 | D:11     | Found Kaedghi's Antique Armour Boutique.
 13615 | D:11     | Bought a glowing helmet for 187 gold pieces
 13877 | D:11     | Noticed a two-headed ogre
 13893 | D:11     | Killed a two-headed ogre
 13894 | D:11     | Reached skill level 5 in Dodging
 14120 | D:11     | Reached skill level 10 in Fighting
 14390 | D:11     | Noticed Erica
 14397 | D:11     | Killed Erica
 14398 | D:11     | Reached XP level 12. HP: 106/106 MP: 12/12
 14886 | D:12     | Noticed a boulder beetle
 15520 | D:12     | Killed a boulder beetle
 15521 | D:12     | Reached skill level 15 in Axes
 15779 | D:12     | Noticed a catoblepas
 15822 | D:12     | Slain by a catoblepas

Illustrated notes

Levels and vault maps discovered:
D:1:      denvon_arrival_planthouse, layout_basic, basic_ecumenical_altar,
          serial_bayou_pond_c, minmay_cupped
D:2:      layout_rooms, basic_altar, minmay_stone_trees_small,
          kennysheep_doodads, chequers_arboretum, minmay_rat_hole
D:3:      layout_loops_ring, uniq_ijyb
D:4:      layout_loops_ring, minmay_temple_entry_proselytizer
D:5:      cheibrodos_helix_gallery, layout_rooms, serial_bayou_lake_a
D:6:      layout_basic, minitemple, kennysheep_mini, nrook_uturn, uniq_menkaure
D:7:      layout_loops_corners, uniq_duvessa, uniq_pikel, uniq_joseph
D:8:      layout_rooms, david_lair_shrubbed, gammafunk_ghost_split,
          roderic_serpentine_path
D:9:      layout_irregular_city, riverfiend_overflow_shadow_ancestor,
          nicolae_yredelemnul_ghost_church, serial_column_ruins,
          column_ruins_open_tiny, column_ruins_corridor_corner,
          column_ruins_open_tiny, column_ruins_open_small
D:10:     layout_basic, enter_bailey_5, minmay_mirror_moons_of_madness
D:11:     layout_basic, orc_david_3, serial_shops, nicolae_diamond_shop,
          uniq_erica
D:12:     layout_loops_ring, chequers_serial_rivers_small_b, hangedman_ranch
D:13:     layout_loops_ring, ximxim_vaults_locker_room, hive_lemuel
Temple:   nicolae_temple_great_sept

Skill      XL: |  1  2  3  4  5  6  7  8  9 10 11 12 |
---------------+-------------------------------------+-----
Axes           | 3 5 7 8 10 11 13 14 15 | 15.1
Fighting       | 4 5 7 8 10 | 10.5
Armour         | 4 5 6 8 |  8.8
Dodging        | 1 2 3 5 |  5.3
Stealth        | 1 2 3 5 6 7 |  7.1
Shields        | 4 5 6 |  6.9
Evocations     | 2 |  2.7

Action                   |  1- 3 |  4- 6 |  7- 9 | 10-12 || total
-------------------------+-------+-------+-------+-------++-------
Melee: War axe           |    68 |   163 |   232 |   217 ||   680
       Hand axe          |       |       |       |   366 ||   366
Evoke: Wand              |       |       |     4 |    31 ||    35
  Use: Potion            |       |     2 |     1 |     7 ||    10
       Scroll            |       |       |     5 |     5 ||    10
 Stab: Paralysed         |       |     1 |    21 |    36 ||    58
       Sleeping          |       |       |       |     2 ||     2
Armor: Scale mail        |    21 |       |       |       ||    21
       Ring mail         |     5 |    71 |   112 |   244 ||   432
Dodge: Dodged            |    37 |    81 |   120 |   315 ||   553
Block: Buckler           |     9 |    27 |    49 |   108 ||   193
